 Dungeon Crawl Stone Soup version 0.27-a0-1219-g958d993ae5 (webtiles) character file.

Game seed: 17482896245133168300

379 polve the Ruffian (level 6, -3/47 HPs)
             Began as a Demonspawn Abyssal Knight on June 6, 2021.
             Was a Believer of Lugonu.
             Slain by Dowan
             ... wielding a +0 dagger
              (5 damage)
             ... on level 4 of the Dungeon.
             The game lasted 00:03:13 (4519 turns).

polve the Ruffian (Demonspawn Abyssal Knight)       Turns: 4519, Time: 00:03:13

Health: -3/47      AC:  9    Str: 15    XL:     6   Next: 45%
Magic:  7/7        EV: 10    Int: 19    God:    Lugonu [**....]
Gold:   165        SH:  0    Dex: 15    Spells: 5/5 levels left

rFire    + + +     SeeInvis .     - Unarmed
rCold    . . .     Faith    .   (no shield)
rNeg     . . .     Spirit   .   r - +0 ring mail
rPois    .         Reflect  .   m - +0 helmet
rElec    +         Harm     .   q - +0 cloak
rCorr    .         Rampage  .   (no gloves)
Will     +....                  (no boots)
Stlth    ..........             (no amulet)
HPRegen  0.15/turn              h - ring of willpower
MPRegen  0.10/turn              b - ring of Altruism {rElec rF+++ Int+6 Dex+3 Stlth-}

@: lit by a corona, glowing
A: claws 1, molten scales 1, spiny 1
a: Renounce Religion, Depart the Abyss, Bend Space


You were on level 4 of the Dungeon.
You worshipped Lugonu.
Lugonu was pleased with you.
You visited 1 branch of the dungeon, and saw 4 of its levels.
You visited the Abyss 1 time.

You collected 165 gold pieces.

Inventory:

Hand Weapons
 a - a +1 short sword
Missiles
 l - 2 throwing nets
 p - 2 atropa-tipped darts
Armour
 m - a +0 helmet (worn)
 q - a +0 cloak (worn)
 r - a +0 ring mail (worn)
Jewellery
 b - the ring of Altruism (right claw) {rElec rF+++ Int+6 Dex+3 Stlth-}
   (You found it on level 4 of the Dungeon)

   [ring of intelligence]

   It affects your intelligence (+6).
   It affects your dexterity (+3).
   It renders you almost immune to fire.
   It insulates you from electricity.
   It makes you less stealthy.
 h - a ring of willpower (left claw)
 t - a ring of positive energy
Scrolls
 e - a scroll of identify
 f - a scroll of fog
 g - a scroll of fear
 i - a scroll of noise {unknown}
 j - a scroll of acquirement {unknown}
 k - 2 scrolls of immolation
 o - a scroll of teleportation
 s - a scroll of enchant armour
 v - a scroll of magic mapping {unknown}
Potions
 c - 2 potions of lignification
 d - a potion of berserk rage {unknown}
 n - 2 potions of curing
 u - a potion of brilliance {unknown}


   Skills:
 - Level 3.0 Fighting
 - Level 2.5 Short Blades
 - Level 1.7 Armour
 - Level 0.8 Dodging
 + Level 5.6 Unarmed Combat
 - Level 2.4 Invocations


You had 5 spell levels left.
You didn't know any spells.
Your spell library was empty.

Dungeon Overview and Level Annotations

Branches:
Dungeon (4/15)
 Temple: D:4-7

Altars:
Dithmenos

Annotations:
D:4 Dowan, Duvessa


Innate Abilities, Weirdness & Mutations

You have sharp fingernails.
You are partially covered in molten scales. (AC +2)
You are partially covered in sharp spines.


Message History

Duvessa is severely wounded.
Duvessa closely misses you. Duvessa is struck by your spines.
Duvessa hits you with a +0 short sword.
You scratch Duvessa.
Duvessa is severely wounded.
Duvessa hits you but does no damage.
You scratch Duvessa but do no damage.
Duvessa is severely wounded.
Duvessa misses you.
You completely miss Duvessa.
Duvessa is severely wounded.
Duvessa hits you with a +0 short sword.
Duvessa gestures with her weapon.
Duvessa closely misses you.
You scratch Duvessa.
Duvessa is almost dead.
Duvessa says, "Where magic fails, the sword succeeds!"
Duvessa hits you with a +0 short sword.
You scratch Duvessa.
Duvessa is almost dead.
Duvessa hits you with a +0 short sword.
You scratch Duvessa but do no damage.
Duvessa is almost dead.
Duvessa hits you with a +0 short sword!
* * * LOW HITPOINT WARNING * * *
Duvessa hits you but does no damage.
You scratch Duvessa but do no damage.
Duvessa is almost dead.
Dowan says, "Magic and the sword, together, will defeat you."
Duvessa barely misses you.
You scratch Duvessa but do no damage.
Duvessa is almost dead.
Duvessa hits you with a +0 short sword!
* * * LOW HITPOINT WARNING * * *
Dowan hits you with a +0 dagger.
* * * LOW HITPOINT WARNING * * *
You scratch Duvessa but do no damage.
Duvessa is almost dead.
Duvessa hits you but does no damage. Dowan hits you with a +0 dagger.
You die...

. #......# .............
..##.##...## ##..........
≈≈≈≈..#...###..........
#≈.................##...
##≈..........##..[..##...
#≈≈##..##............##.#
#≈≈##..###.........>....#
#≈≈##..##....#........... # ##+#
#≈....e@..###.......##.#
≈##≈.≈##≈##..##e..###.#...###..
≈≈≈≈.≈≈≈≈....##....#..##.......
##..........#........###......
#...........#†.......#........
##............................
#............................
#..............###............
..................###.........##


You could see Duvessa (fast) and Dowan.

Vanquished Creatures
  Grinder (D:3)
  A scorpion (D:4)
  An orc wizard (D:3)
  A gnoll (D:1)
  An adder (D:2)
  An adder skeleton (D:4)
  3 worms
  3 dart slugs
  4 orcs (D:3)
  4 endoplasms
  5 giant cockroaches
  3 goblins
  3 hobgoblins
  4 jackals (D:3)
  5 kobolds
  3 quokkas
  5 ball pythons
  4 bats
  5 frilled lizards
  6 rats (D:1)
63 creatures vanquished.

Notes
Turn   | Place    | Note
-------+----------+-------------------------------------------
     0 | Abyss:1  | polve the Demonspawn Abyssal Knight began the quest for the
                  | Orb.
     0 | Abyss:1  | Reached XP level 1. HP: 18/18 MP: 2/2
     9 | Abyss:1  | Found a corrupted altar of Lugonu.
    62 | Abyss:1  | Noticed an apocalypse crab
    69 | Abyss:1  | Noticed an ancient zyme
    75 | Abyss:1  | Noticed a wraith
    78 | Abyss:1  | Noticed a neqoxec
    78 | Abyss:1  | Noticed a bone dragon
    81 | Abyss:1  | Noticed a starcursed mass
    84 | D:1      | Escaped the Abyss
   649 | D:1      | Reached * piety under Lugonu
   658 | D:1      | Gained mutation: You have sharp fingernails. [demonic
                  | ancestry]
   658 | D:1      | Reached XP level 2. HP: 15/24 MP: 3/3
   782 | D:1      | Found a faded altar of an unknown god.
  1119 | D:1      | Reached skill level 1 in Unarmed Combat
  1395 | D:1      | Reached XP level 3. HP: 23/29 MP: 4/4
  2036 | D:2      | Reached skill level 2 in Unarmed Combat
  3101 | D:3      | Gained mutation: You are partially covered in molten
                  | scales. (AC +2) [demonic ancestry]
  3101 | D:3      | Reached XP level 4. HP: 32/35 MP: 5/5
  3321 | D:3      | Reached skill level 3 in Unarmed Combat
  3322 | D:3      | Reached ** piety under Lugonu
  3619 | D:3      | Found a shadowy altar of Dithmenos.
  3976 | D:4      | Noticed Grinder
  4018 | D:3      | Paralysed by Grinder for 6 turns
  4036 | D:3      | Killed Grinder
  4037 | D:3      | Reached skill level 5 in Unarmed Combat
  4037 | D:3      | Reached XP level 5. HP: 18/41 MP: 6/6
  4037 | D:3      | Gained mutation: You are partially covered in sharp spines.
                  | [demonic ancestry]
  4037 | D:3      | Reached XP level 6. HP: 21/47 MP: 7/7
  4249 | D:4      | Identified the ring of Altruism {rElec rF+++ Int+6 Dex+3
                  | Stlth-}
  4489 | D:4      | Noticed Dowan
  4490 | D:4      | Noticed Duvessa
  4518 | D:4      | HP: 1/47 [Dowan/+0 dagger (2)]
  4519 | D:4      | Slain by Dowan

Illustrated notes

Levels and vault maps discovered:
D:1:      dpeg_arrival_rhombi, layout_basic, serial_rivers,
          chequers_serial_rivers_small_a, chequers_serial_rivers_small_a,
          chequers_serial_rivers_micro_a, chequers_serial_rivers_room_b,
          chequers_serial_rivers_small_b, chequers_serial_rivers_room_a,
          ebering_ecumenical_altar_petrified
D:2:      layout_loops_ring
D:3:      layout_rooms, general_overflow_altar, serial_glass, glass_columns_c,
          glass_columns_a
D:4:      layout_cave_pools, minmay_temple_entry_glass, lightli_minifort,
          uniq_duvessa, uniq_grinder

Skill      XL: |  1  2  3  4 |
---------------+-------------+-----
Short Blades   | 2 |  2.5
Unarmed Combat | 1 2 5 |  5.6
Fighting       | |  3.0
Armour         | |  1.7
Dodging        | |  0.8
Invocations    | |  2.4

Action                   |  1- 3 |  4- 6 || total
-------------------------+-------+-------++-------
Melee: Short sword       |   160 |    71 ||   231
       Punch             |     2 |     2 ||     4
       Unarmed           |       |    43 ||    43
Invok: Depart the Abyss  |     1 |       ||     1
  Use: Scroll            |     1 |     6 ||     7
       Potion            |       |     1 ||     1
Armor: Leather armour    |    56 |    12 ||    68
       Ring mail         |       |    18 ||    18
       Skin              |       |     2 ||     2
Dodge: Dodged            |   105 |    41 ||   146

Table legend: (Time is in decaauts)
 A = Elapsed time spent in this place.
 B = Non-inter-level travel time spent in this place.
 C = Inter-level travel time spent in this place.
 D = Time resting spent in this place.
 E = Time spent auto-exploring this place.
 F = Levels seen in this place.
 G = Mean time per level.
                   A        B        C        D        E       F      G
               +--------+--------+--------+--------+--------+-----+--------+
         Total |   4516 |   4425 |     91 |     13 |   3825 |   5 |  903.2 |
       Dungeon |   4428 |   4337 |     91 |     13 |   3759 |   4 | 1107.0 |
         Abyss |     88 |     88 |      0 |      0 |     66 |   1 |   88.0 |
               +--------+--------+--------+--------+--------+-----+--------+

Top non-repeatable levels by time:
     D:1: 1596 daAuts
     D:2: 1268 daAuts
     D:3: 1235 daAuts
     D:4: 327 daAuts
 Abyss:1: 88 daAuts
